 Dungeon Crawl Stone Soup version 0.20.1-1-g8b1a95d (webtiles) character file.

87219 Tordini the Bludgeoner (level 15, -12/103 HPs)
             Began as a Gargoyle Gladiator on July 5, 2017.
             Was the Champion of Okawaru.
             Mangled by an orc warrior
             ... wielding a +0 glaive
             ... led by an orc knight
              (30 damage)
             ... on level 15 of the Dungeon.
             The game lasted 01:44:22 (23388 turns).

Tordini the Bludgeoner (Gargoyle Gladiator)        Turns: 23388, Time: 01:44:22

Health: -12/103    AC: 31    Str: 18    XL:     15   Next: 89%
Magic:  13/15      EV: 17    Int: 10    God:    Okawaru [******]
Gold:   1421       SH:  0    Dex: 16    Spells: 14/14 levels left

rFire    + . .     SeeInvis +   A - +4 dire flail (flame)
rCold    + + +     Gourm    .   (shield currently unavailable)
rNeg     + + .     Faith    .   z - +3 ice dragon scales of Gebbud {rF- rC++ MR- Slay+3 SInv}
rPois    ∞         Spirit   .   (helmet restricted)
rElec    +         Reflect  .   D - +0 cloak
rCorr    .         Harm     .   C - +0 pair of gloves
MR       .....                  l - +0 pair of boots
Stlth    +++.......             (no amulet)
Regen    0.3/turn               L - ring "Ryag Mol" {rF+ rN+}
MPRegen  0.2/turn               E - ring of protection from cold

@: heroism, flying
A: big wings, horns 1, deformed body, fire resistance 1, negative energy
resistance 1, electricity resistance, unbreathing, petrification resistance, rot
immunity, AC +11
a: Stop Flying, Heroism, Finesse, Renounce Religion


You were on level 15 of the Dungeon.
You worshipped Okawaru.
Okawaru was exalted by your worship.
You were hungry.

You visited 3 branches of the dungeon, and saw 22 of its levels.
You also visited: Ice Cave.

You collected 1525 gold pieces.
You spent 104 gold pieces at shops.

Inventory:

Hand Weapons
 A - a +4 dire flail of flaming (weapon)
Missiles
 o - 7 javelins of penetration
 q - 4 throwing nets (quivered)
 I - 6 steel tomahawks
Armour
 c - a +0 helmet
 l - a +0 pair of boots (worn)
 m - a +1 large shield
 w - a +1 helmet of intelligence
 z - the +3 ice dragon scales of Gebbud (worn) {rF- rC++ MR- Slay+3 SInv}
   (Okawaru gifted it to you on level 13 of the Dungeon)

   It affects your accuracy and damage with ranged weapons and melee attacks
   (+3).
   It makes you vulnerable to fire.
   It greatly protects you from cold.
   It affects your resistance to hostile enchantments.
   It lets you see invisible.
 C - a +0 pair of gloves (worn)
 D - a +0 cloak (worn)
 O - a +1 chain mail of cold resistance
Jewellery
 b - an uncursed ring of positive energy
 e - the ring of Fouma {rC+ MR+ Str+6 Dex-5 SInv}
   (You found it on level 6 of the Lair of Beasts)

   [ring of protection from cold]

   It affects your strength (+6).
   It affects your dexterity (-5).
   It protects you from cold.
   It affects your resistance to hostile enchantments.
   It lets you see invisible.
 E - a ring of protection from cold (right hand)
 K - an uncursed ring of protection from magic
 L - the ring "Ryag Mol" (left hand) {rF+ rN+}
   (You found it on level 4 of the Lair of Beasts)

   [ring of protection from fire]

   It protects you from fire.
   It protects you from negative energy.
Wands
 a - a wand of paralysis (16/24)
 r - a wand of clouds (4/9)
 u - a wand of iceblast (7/15)
 y - a wand of enslavement (16/24)
 B - a wand of scattershot (4/9)
 G - a wand of confusion (20/48)
 M - a wand of lightning (3/15)
 P - a wand of polymorph (6/24)
 R - a wand of flame (15/48)
 T - a wand of disintegration (18/24)
 X - a wand of flame (20/48)
Scrolls
 h - 4 scrolls of recharging
 i - 9 scrolls of remove curse
 j - 14 scrolls of identify
 k - 4 scrolls of blinking
 p - a scroll of enchant weapon
 J - 3 scrolls of fear
 N - 11 scrolls of teleportation
 Q - 4 scrolls of magic mapping
 S - 2 scrolls of enchant armour
Potions
 d - 3 potions of cancellation
 g - 3 potions of heal wounds
 s - 7 potions of curing
 t - a potion of might
 v - 5 potions of haste
 F - 2 potions of invisibility
 H - a potion of magic
Miscellaneous
 x - a lamp of fire
 U - a box of beasts
 W - a phantom mirror
Comestibles
 f - 13 bread rations
 n - 8 meat rations
 V - 17 royal jellies
 Y - 22 fruits
 Z - 2 chunks of flesh


   Skills:
 + Level 15.0(20.0) Fighting
 + Level 18.0(23.0) Maces & Flails
 + Level 1.7(6.7) Throwing
 + Level 12.9(17.9) Armour
 + Level 7.0(12.0) Dodging
 + Level 4.3(9.3) Stealth
 + Level 2.9(7.9) Shields
 + Level 0.2(5.2) Unarmed Combat
 + Level 1.2 Invocations
 + Level 0.3 Evocations


You had 14 spell levels left.
You didn't know any spells.

Dungeon Overview and Level Annotations

Branches:
Dungeon (15/15)            Temple (1/1) D:4            Lair (6/6) D:10
 Shoals (0/4) Lair:2        Snake (0/4) Lair:3        Slime (0/5) Lair:6
    Orc (0/2) D:12         Vaults (0/5) D:14
 Depths: D:15

Altars:
Ashenzari
Cheibriados
Dithmenos
Elyvilon
Fedhas
Gozag
Hepliaklqana
Kikubaaqudgha
Makhleb
Nemelex Xobeh
Okawaru
Qazlal
Ru
Sif Muna
Trog
Uskayaw
Vehumet
Xom
Yredelemnul
Zin
The Shining One

Shops:
D:6 :   D:7 %%%   D:8 %%   D:11 }   D:14 !

Annotations:
Lair:6 exclusion: 4 oklob plants


Innate Abilities, Weirdness & Mutations

You are resistant to torment.
Your stone body is resilient. (AC +11)
You are immune to poison.
Your large and strong wings let you fly indefinitely.
You resist negative energy. (rN+)
You are resistant to electric shocks. (rElec)
You can survive without breathing.
You are immune to petrification.
You are immune to rotting.
You have a pair of small horns on your head.
Armour fits poorly on your strangely shaped body.
Your flesh is heat resistant. (rF+)


Message History

Your base Dodging skill increases to level 7!
An orc warrior comes into view. It is wielding a short sword.
You hit the orc knight. You burn the orc knight.
You headbutt the orc knight, but do no damage.
The orc knight is severely wounded.
The orc warrior hits you from afar with a glaive!!
* * * LOW HITPOINT WARNING * * *
The orc knight misses you.
You thump the orc knight! You burn the orc knight.
The orc knight is almost dead.
You barely miss the orc knight. Your headbutt misses the orc knight.
The orc knight is almost dead.
The orc warrior closely misses you.
The orc knight hits you but does no damage.
You feel better. The orc knight misses you.
You impale the orc knight!! You burn the orc knight.
You kill the orc knight!
Okawaru accepts your kill.
The orc warrior hits you from afar with a glaive!!
You die...

#)# ..###.###..# #p#
#...#.#....# #)#
#.#.#.###..# #.#
#.#.....#..#
####(###########.###.#.#..#
........u.................#
.........O....oo.###.#.#..#
###############))#.....#..#
##@#.#.###..# #...#.#....#
#.###.###.## #.........#
###########


You could see 2 orc warriors.

Vanquished Creatures
  A frost giant (IceCv)
  Josephine (D:15)
  Harold (Lair:2)
  4 vault guards (D:14)
  8 hydras
  A catoblepas (Lair:6)
  Erica (D:8)
  8 two-headed ogres
  2 centaur warriors
  4 death yaks
  A deep troll shaman (Lair:6)
  Urug (Lair:2)
  9 skeletal warriors
  An unseen horror (D:11)
  A necromancer (D:15)
  2 orc knights (D:15)
  2 ugly things
  An oklob plant (Lair:5)
  5 manticores
  4 cyclopes
  4 elephants
  2 black mambas
  An ice statue (IceCv)
  Joseph (D:7)
  An eye of devastation (Lair:6)
  A centaur zombie (D:15)
  12 spiny frogs
  Psyche (D:7)
  2 gargoyles
  6 rime drakes
  An efreet (D:14)
  A yaktaur (D:14)
  7 komodo dragons
  3 meliai (D:15)
  A queen bee (D:15)
  3 trolls
  18 polar bears
  A wolf spider simulacrum (D:14)
  Prince Ribbit (D:9)
  9 dream sheep
  4 slime creatures (D:15)
  13 hippogriffs
  A snapping turtle (Lair:2)
  A spriggan (D:7)
  Sigmund (D:2)
  4 wraiths
  2 shadows
  A basilisk (shapeshifter) (D:14)
  Eustachio (D:4)
  13 wyverns
  70 yaks
  7 basilisks
  A hungry ghost (D:7)
  Edmund (D:4)
  5 nagas (Lair:3)
  4 vampire mosquitoes
  A soldier ant (D:14)
  10 porcupines
  A hell hound (Lair:6)
  3 acid dragons
  9 water moccasins
  11 orc warriors
  2 black bears
  6 ice beasts
  6 ogres
  2 eyes of draining
  A hornet zombie (D:14)
  2 sky beasts
  A phantom (D:12)
  10 centaurs
  11 crocodiles
  26 wolves
  2 big kobolds
  19 bullfrogs
  6 scorpions
  33 killer bees
  20 wights
  A bullfrog zombie (D:7)
  5 howler monkeys
  8 crimson imps
  8 jellies
  3 bullfrog skeletons
  11 hounds
  11 orc priests
  20 orc wizards
  3 centaur skeletons
  3 iguanas
  7 worker ants
  A hound skeleton (D:7)
  2 worker ant zombies
  Robin (D:2)
  7 gnolls
  17 adders
  7 shadow imps
  12 white imps (D:11)
  5 adder skeletons
  4 worms
  4 leopard geckos
  92 orcs
  3 ball pythons
  11 giant cockroaches
  15 goblins
  11 hobgoblins
  4 jackals (D:5)
  5 quokkas
  13 bats
  3 frilled lizards
  12 kobolds
  A quokka skeleton (D:4)
  2 quokka zombies
  8 rats
  A bush (Lair:5)
  2 plants
768 creatures vanquished.

Vanquished Creatures (collateral kills)
  A bullfrog zombie (D:13)
1 creature vanquished.

Vanquished Creatures (others)
  An orc wizard (D:5)
  2 fungi
  6 plants (Lair:6)
  9 withered plants (D:15)
18 creatures vanquished.

Grand Total: 787 creatures vanquished

Notes
Turn   | Place    | Note
-------+----------+-------------------------------------------
     0 | D:1      | Tordini the Gargoyle Gladiator began the quest for the Orb.
     0 | D:1      | Reached XP level 1. HP: 12/12 MP: 1/1
    61 | D:1      | Reached XP level 2. HP: 10/17 MP: 2/2
   514 | D:1      | Reached skill level 4 in Maces & Flails
   557 | D:1      | Reached XP level 3. HP: 16/22 MP: 3/3
  1106 | D:2      | Noticed Sigmund
  1286 | D:2      | Killed Sigmund
  1286 | D:2      | Reached skill level 5 in Maces & Flails
  1286 | D:2      | Reached skill level 1 in Shields
  1286 | D:2      | Reached XP level 4. HP: 14/27 MP: 4/4
  1286 | D:2      | Reached XP level 5. HP: 16/32 MP: 5/5
  1321 | D:2      | Noticed Robin
  1336 | D:2      | Killed Robin
  1649 | D:2      | Reached XP level 6. HP: 36/36 MP: 6/6
  1706 | D:2      | Reached skill level 6 in Maces & Flails
  2881 | D:4      | Noticed Edmund
  2907 | D:4      | Killed Edmund
  2907 | D:4      | Reached skill level 1 in Armour
  2907 | D:4      | Reached XP level 7. HP: 29/41 MP: 7/7
  2950 | D:4      | Found a staircase to the Ecumenical Temple.
  2996 | D:4      | Found a shattered altar of Ashenzari.
  3118 | D:4      | Noticed Eustachio
  3128 | D:4      | Killed Eustachio
  3128 | D:4      | Reached skill level 7 in Maces & Flails
  3128 | D:4      | Reached skill level 1 in Stealth
  3219 | D:4      | Found an opulent altar of Gozag.
  3241 | D:4      | Found a hazy altar of Hepliaklqana.
  3269 | D:4      | Found a radiant altar of Vehumet.
  3531 | D:5      | Entered Level 5 of the Dungeon
  3690 | D:5      | Reached skill level 8 in Maces & Flails
  3690 | D:5      | Reached XP level 8. HP: 34/48 MP: 8/8
  3820 | D:5      | Reached skill level 9 in Maces & Flails
  4140 | D:5      | Found a hazy altar of Hepliaklqana.
  4323 | D:5      | Found a basalt altar of Yredelemnul.
  4828 | D:6      | Found Paugam's Book Shoppe.
  5101 | D:6      | Reached XP level 9. HP: 47/52 MP: 9/9
  5133 | D:6      | Reached skill level 10 in Maces & Flails
  5628 | D:7      | Noticed Joseph
  5673 | D:7      | Killed Joseph
  5673 | D:7      | Reached skill level 5 in Fighting
  5787 | D:7      | Found Qonauref's Food Shop.
  5813 | D:7      | Reached skill level 11 in Maces & Flails
  5816 | D:7      | Found Xoiskun's Food Emporium.
  5979 | D:7      | Found Qontat's Food Shop.
  6313 | D:8      | Noticed a two-headed ogre
  6327 | D:8      | Killed a two-headed ogre
  6327 | D:8      | Reached skill level 12 in Maces & Flails
  6327 | D:8      | Reached XP level 10. HP: 35/60 MP: 10/10
  6407 | D:8      | Noticed Psyche
  6435 | D:7      | Killed Psyche
  6475 | D:8      | Found Tialoal's Food Shop.
  6495 | D:8      | Noticed Erica
  6626 | D:8      | Killed Erica
  6695 | D:8      | Found Usiqo's Food Shoppe.
  7420 | D:9      | Reached skill level 13 in Maces & Flails
  7446 | D:9      | Noticed Prince Ribbit
  7467 | D:9      | Killed Prince Ribbit
  7872 | D:9      | Reached XP level 11. HP: 60/67 MP: 11/11
  7980 | D:9      | Noticed a two-headed ogre
  7991 | D:9      | Killed a two-headed ogre
  7991 | D:9      | Reached skill level 5 in Armour
  8285 | D:10     | Entered Level 10 of the Dungeon
  8285 | D:10     | Noticed a two-headed ogre
  8299 | D:10     | Killed a two-headed ogre
  8561 | D:10     | Found a bloodstained altar of Trog.
  8688 | D:10     | Found a staircase to the Lair.
  8718 | D:10     | Reached skill level 14 in Maces & Flails
  9316 | Temple   | Entered the Ecumenical Temple
  9452 | Temple   | Became a worshipper of Warmaster Okawaru
  9837 | D:11     | Noticed a manticore
  9868 | D:11     | Noticed a manticore
  9879 | D:11     | Killed a manticore
  9921 | D:11     | Found Wiaceh's Quality Used Wands.
 10005 | D:11     | Reached * piety under Okawaru
 10052 | D:11     | Found a frozen archway.
 10113 | D:11     | Killed a manticore
 10113 | D:11     | Reached XP level 12. HP: 13/76 MP: 12/12
 10206 | IceCv    | Entered an ice cave
 10377 | IceCv    | Reached skill level 15 in Maces & Flails
 10439 | IceCv    | Noticed a death yak
 10468 | IceCv    | Reached ** piety under Okawaru
 10480 | IceCv    | Killed a death yak
 11011 | IceCv    | Reached *** piety under Okawaru
 11097 | IceCv    | Reached skill level 10 in Fighting
 11583 | IceCv    | Received a gift from Okawaru
 11606 | IceCv    | Reached **** piety under Okawaru
 11896 | IceCv    | Noticed a frost giant
 11910 | IceCv    | Killed a frost giant
 11910 | IceCv    | Received a gift from Okawaru
 11943 | IceCv    | Reached XP level 13. HP: 62/83 MP: 13/13
 12614 | Lair:1   | Entered Level 1 of the Lair of Beasts
 12775 | Lair:1   | Got a smoking ring mail
 12805 | Lair:1   | Identified the +1 ring mail of Cusemnux {rElec Dex-3 SInv} (You found it on level 1 of the Lair of Beasts)
 13020 | Lair:1   | Received a gift from Okawaru
 13031 | Lair:1   | Reached skill level 5 in Dodging
 13093 | Lair:1   | Received a gift from Okawaru
 13477 | Lair:2   | Noticed Harold
 13478 | Lair:2   | Noticed Urug
 13656 | Lair:2   | Killed Harold
 13656 | Lair:2   | Reached skill level 16 in Maces & Flails
 13838 | Lair:2   | Found a staircase to the Shoals.
 13953 | Lair:2   | Killed Urug
 14306 | Lair:3   | Reached ***** piety under Okawaru
 14767 | Lair:3   | Received a gift from Okawaru
 14795 | Lair:3   | Reached skill level 10 in Armour
 14961 | Lair:3   | Found a staircase to the Snake Pit.
 15733 | Lair:4   | Got a scintillating glass ring
 16072 | Lair:4   | Gained mutation: Your large and strong wings let you fly indefinitely. [Gargoyle growth]
 16072 | Lair:4   | Reached XP level 14. HP: 92/92 MP: 14/14
 16745 | Lair:6   | Entered Level 6 of the Lair of Beasts
 16921 | Lair:5   | HP: 4/92 [six-headed hydra (10)]
 17384 | Lair:6   | Received a gift from Okawaru
 17758 | Lair:6   | Reached skill level 1 in Invocations
 17780 | Lair:6   | Found a staircase to the Slime Pits.
 17842 | Lair:6   | Reached ****** piety under Okawaru
 17843 | Lair:6   | Received a gift from Okawaru
 18373 | Lair:6   | Identified the ring "Ryag Mol" {rF+ rN+} (You found it on level 4 of the Lair of Beasts)
 18380 | Lair:6   | Gained mutation: Armour fits poorly on your strangely shaped body. [potion of mutation]
 18380 | Lair:6   | Gained mutation: You have a pair of small horns on your head. [potion of mutation]
 18380 | Lair:6   | Gained mutation: Your flesh is heat resistant. (rF+) [potion of mutation]
 18478 | Lair:6   | Reached skill level 17 in Maces & Flails
 18734 | Lair:6   | Got a scorched lapis lazuli ring
 18925 | Lair:6   | Received a gift from Okawaru
 19430 | D:12     | Found a staircase to the Orcish Mines.
 19761 | D:12     | Reached XP level 15. HP: 93/100 MP: 15/15
 20787 | D:13     | Received a gift from Okawaru
 20790 | D:13     | Got steaming ice dragon scales {god gift}
 20899 | D:13     | Identified the ring of Fouma {rC+ MR+ Str+6 Dex-5 SInv} (You found it on level 6 of the Lair of Beasts)
 21008 | D:13     | Identified the +3 ice dragon scales of Gebbud {rF- rC++ MR- Slay+3 SInv} (Okawaru gifted it to you on level 13 of the Dungeon)
 21423 | D:14     | Found a gate to the Vaults.
 21879 | D:14     | Found Nisix's Distillery.
 22240 | D:14     | Bought a potion of invisibility for 104 gold pieces
 22382 | D:15     | Entered Level 15 of the Dungeon
 23147 | D:15     | Found a sparkling altar of Nemelex Xobeh.
 23178 | D:15     | Noticed Josephine
 23189 | D:15     | Killed Josephine
 23341 | D:15     | Received a gift from Okawaru
 23376 | D:15     | Reached skill level 15 in Fighting
 23383 | D:15     | Reached skill level 18 in Maces & Flails
 23388 | D:15     | Mangled by an orc warrior

Skill      XL: |  1  2  3  4  5  6  7  8  9 10 11 12 13 14 15 |
---------------+----------------------------------------------+-----
Maces & Flails | 4 5 6 8 9 12 13 14 15 16 17 18 | 18.0
Shields        | 1 2 |  2.9
Fighting       | 3 4 5 7 9 10 12 13 15 | 15.0
Armour         | 1 2 4 6 8 10 12 | 12.9
Stealth        | 1 2 3 4 |  4.3
Dodging        | 3 4 5 6 7 |  7.0
Invocations    | 1 |  1.2
Throwing       | |  1.7
Unarmed Combat | |  0.2
Evocations     | |  0.3

Action                   |  1- 3 |  4- 6 |  7- 9 | 10-12 | 13-15 || total
-------------------------+-------+-------+-------+-------+-------++-------
Melee: Flail             |   132 |   234 |       |       |       ||   366
       Dire flail        |       |       |   383 |  1018 |  1400 ||  2801
       Unarmed           |       |       |       |     9 |       ||     9
       Headbutt          |       |       |       |       |   151 ||   151
Throw: Throwing net      |     3 |     1 |       |       |       ||     4
Invok: Heroism           |       |       |       |     2 |     5 ||     7
 Abil: Fly               |       |       |       |       |     1 ||     1
Evoke: Wand              |       |       |       |     1 |       ||     1
  Use: Scroll            |       |     6 |     2 |     2 |    14 ||    24
       Potion            |       |       |     3 |     1 |    13 ||    17
 Stab: Sleeping          |       |     1 |       |       |     1 ||     2
       Held in net/web   |       |     1 |       |       |       ||     1
       Invisible         |       |       |       |     4 |       ||     4
       Petrified         |       |       |       |       |     4 ||     4
       Petrifying        |       |       |       |       |     3 ||     3
  Eat: Chunk             |     1 |     6 |     8 |    19 |    31 ||    65
       Meat ration       |       |       |     1 |       |     1 ||     2
Armor: Leather armour    |    88 |    47 |       |       |       ||   135
       Scale mail        |       |     5 |   174 |       |       ||   179
       Chain mail        |       |       |     8 |   592 |   601 ||  1201
       Ice dragon scales |       |       |       |       |   164 ||   164
Dodge: Dodged            |    94 |    63 |   143 |   379 |   603 ||  1282
Block: Large shield      |    30 |   153 |       |       |       ||   183
